Map: Romanticide LE

Players

Zoun - Winner!

  • Race: Protoss Protoss
  • League: Master

DPGRogue (Rogue)

  • Race: Zerg Zerg

Event: DreamHack SC2 Masters 2021 Fall

VOD

Have the link to the VOD?

Description

Time

  • Played on: July 21, 2021, 4:26 a.m.
  • Length: 21:09

All games in this series

Show
View Real Time Build Order
Export as new Build Order

Zoun Protoss - Winner!

Build Orders:  

Get SALT Encoding   

  12  0:00  Probe  
  13  0:12  Probe  
  14  0:20  Pylon  
  14  0:24  Probe  
  15  0:38  Probe (Chrono Boost)  
  15  0:39  Gateway  
  16  0:47  Probe (Chrono Boost)  
  16  0:48  Assimilator  
  17  0:52  Probe  
  18  1:04  Probe  
  19  1:16  Probe  
  19  1:17  Gateway  
  20  1:20  Forge  
  20  1:24  Zealot (Chrono Boost)  
  20  1:32  Pylon  
  22  1:50  Zealot (Chrono Boost)  
  22  1:53  Photon Cannon  
  24  2:00  Cybernetics Core  
  18  2:32  Probe  
  19  2:41  Nexus  
  19  2:42  Warp Gate  
  19  2:46  Probe  
  20  2:57  Adept  
  22  2:59  Probe  
  22  3:04  Adept  
  25  3:11  Probe  
  26  3:14  Assimilator  
  26  3:21  Pylon  
  26  3:24  Probe  
  27  3:33  Stalker  
  29  3:36  Probe  
  30  3:45  Twilight Council  
  30  3:49  Probe (Chrono Boost)  
  30  3:52  Probe (Chrono Boost)  
  32  4:00  Probe (Chrono Boost)  
  32  4:02  Probe (Chrono Boost)  
  34  4:06  Probe (Chrono Boost)  
  35  4:10  Robotics Facility  
  35  4:14  Probe  
  36  4:18  Resonating Glaives (Chrono Boost)  
  36  4:23  Probe  
  37  4:26  Probe  
  38  4:33  Gateway  
  38  4:38  Gateway  
  38  4:41  Probe  
  38  4:42  Probe  
  40  4:53  Pylon  
  40  4:55  Warp Prism (Chrono Boost)  
  42  5:04  Probe x2  
  44  5:14  Dark Shrine  
  44  5:16  Probe x2  
  44  5:18  Adept  
  44  5:19  Adept  
  50  5:28  Pylon  
  50  5:29  Probe x2  
  52  5:37  Assimilator  
  52  5:46  Adept x4  
  60  5:51  Pylon, Probe  
  60  5:52  Probe  
  62  5:58  Pylon  
  62  6:08  Adept x4  
  54  6:27  Probe  
  54  6:30  Dark Templar  
  54  6:31  Dark Templar  
  54  6:32  Dark Templar  
  59  6:35  Probe  
  59  6:37  Assimilator  
  54  6:43  Immortal (Chrono Boost)  
  54  6:44  Probe  
  59  6:52  Probe  
  60  6:56  Probe  
  61  7:04  Probe  
  56  7:09  Gateway  
  56  7:10  Gateway  
  56  7:11  Robotics Bay  
  56  7:14  Immortal (Chrono Boost)  
  60  7:17  Adept  
  60  7:20  Shield Battery  
  60  7:21  Adept  
  64  7:23  Probe  
  64  7:24  Probe  
  64  7:26  Adept  
  64  7:29  Adept x2  
  70  7:36  Blink (Chrono Boost), Probe x2  
  71  7:48  Probe x2  
  73  7:53  Nexus  
  73  7:55  Pylon, Sentry  
  75  8:03  Probe  
  77  8:07  Probe  
  77  8:12  Adept  
  80  8:17  Shield Battery, Sentry, Probe (Chrono Boost)  
  80  8:19  Shield Battery  
  83  8:20  Probe (Chrono Boost)  
  83  8:26  Disruptor  
  84  8:30  Pylon  
  84  8:32  Probe (Chrono Boost)  
  84  8:33  Probe (Chrono Boost)  
  86  8:35  Protoss Ground Weapons Level 1  
  86  8:39  Probe (Chrono Boost)  
  86  8:40  Probe  
  88  8:42  Assimilator  
  88  8:43  Assimilator  
  88  8:46  Photon Cannon  
  88  8:49  Photon Cannon  
  88  8:52  Stargate  
  88  8:55  Stargate  
  88  8:58  Adept  
  88  8:59  Probe  
  91  9:03  Probe  
  92  9:10  Shield Battery  
  92  9:11  Probe  
  92  9:13  Photon Cannon  
  93  9:17  Stalker x2  
  93  9:21  Probe  
  97  9:27  Probe x2  
  97  9:28  Photon Cannon  
  99  9:34  Probe  
  99  9:36  Phoenix (Chrono Boost)  
  102  9:39  Dark Templar  
  102  9:41  Phoenix (Chrono Boost)  
  104  9:50  Probe x3  
  104  9:51  Assimilator  
  107  9:57  Phoenix x2 (Chrono Boost)  
  109  10:02  Sentry  
  109  10:03  Stalker x2  
  115  10:09  Stalker  
  117  10:18  Shield Battery  
  117  10:20  Phoenix (Chrono Boost)  
  115  10:23  Probe  
  115  10:24  Phoenix (Chrono Boost)  
  115  10:31  Probe x2  
  117  10:37  Pylon  
  117  10:39  Pylon  
  117  10:40  Pylon  
  117  10:45  Probe  
  117  10:48  Probe  
  117  10:50  Probe  
  117  10:55  Phoenix (Chrono Boost)  
  117  10:56  Phoenix (Chrono Boost)  
  120  11:00  Disruptor (Chrono Boost)  
  123  11:04  Fleet Beacon  
  123  11:05  Stalker x3  
  123  11:08  Probe x3  
  132  11:12  Pylon  
  132  11:16  Photon Cannon  
  132  11:17  Phoenix (Chrono Boost)  
  134  11:24  Photon Cannon, Zealot  
  136  11:27  Zealot  
  138  11:36  Phoenix x2  
  140  11:44  Anion Pulse-Crystals (Chrono Boost)  
  140  11:45  Assimilator  
  135  12:00  Phoenix  
  135  12:01  Phoenix  
  126  12:19  Probe  
  126  12:20  Void Ray (Chrono Boost)  
  127  12:25  Phoenix  
  127  12:29  Stalker x5  
  133  12:37  Protoss Air Weapons Level 1 (Chrono Boost)  
  117  12:46  Probe  
  117  12:50  Phoenix (Chrono Boost)  
  118  12:57  Protoss Ground Weapons Level 2  
  118  13:00  Phoenix (Chrono Boost)  
  118  13:01  Nexus  
  118  13:05  Pylon  
  120  13:08  Pylon, Phoenix (Chrono Boost)  
  120  13:09  Stalker x4  
  130  13:15  Probe  
  132  13:21  Probe  
  132  13:22  Probe  
  132  13:25  Phoenix (Chrono Boost)  
  132  13:26  Dark Templar, Zealot  
  138  13:27  Phoenix (Chrono Boost)  
  140  13:35  Shield Battery  
  140  13:36  Shield Battery  
  140  13:38  Photon Cannon, Stalker x2  
  144  13:44  Stalker x2  
  144  13:45  Probe  
  133  13:49  Photon Cannon, Stalker  
  123  13:59  Stalker  
  113  14:02  Stalker x2  
  113  14:04  Probe  
  112  14:12  Phoenix x2 (Chrono Boost)  
  116  14:18  Stargate  
  116  14:20  Assimilator x2  
  116  14:22  Pylon  
  116  14:32  Sentry  
  116  14:37  Phoenix x2 (Chrono Boost)  
  120  14:42  Protoss Air Weapons Level 2 (Chrono Boost)  
  120  14:43  Pylon, Zealot  
  120  14:44  Pylon, Zealot x2  
  128  14:53  Probe  
  128  14:54  Phoenix (Chrono Boost)  
  133  15:03  Phoenix (Chrono Boost)  
  133  15:10  Phoenix (Chrono Boost)  
  133  15:14  Nexus  
  133  15:15  Phoenix (Chrono Boost)  
  133  15:18  Templar Archives  
  137  15:23  Shield Battery  
  137  15:27  Phoenix (Chrono Boost)  
  137  15:30  Pylon  
  135  15:36  Phoenix  
  137  15:43  Gateway  
  137  15:44  Charge  
  137  15:46  Gateway  
  137  15:51  Stalker x4  
  135  15:59  High Templar x2  
  135  16:01  Phoenix x2  
  135  16:03  Shield Battery  
  143  16:04  Archon  
  143  16:07  Photon Cannon  
  143  16:15  Phoenix  
  145  16:19  Photon Cannon  
  145  16:20  Photon Cannon  
  145  16:22  High Templar x2  
  149  16:26  Archon, Phoenix  
  149  16:27  Observer  
  150  16:36  Phoenix  
  152  16:40  Phoenix  
  152  16:52  Phoenix  
  151  16:56  Probe x2  
  151  16:57  Probe  
  154  17:01  Phoenix  
  154  17:03  Zealot x7  
  167  17:11  Phoenix (Chrono Boost)  
  165  17:20  Phoenix (Chrono Boost)  
  163  17:26  Phoenix (Chrono Boost)  
  165  17:35  Phoenix (Chrono Boost)  
  159  17:40  Zealot x6  
  167  17:56  Probe x2  
  167  17:57  Zealot x2  
  159  18:08  Stalker x5  
  159  18:12  Probe x3  
  162  18:21  Assimilator, Probe x2  
  162  18:22  Assimilator  
  162  18:25  High Templar x2  
  164  18:27  Probe x2  
  164  18:31  Photon Cannon, Archon  
  164  18:32  Photon Cannon  
  166  18:37  Probe x3  
  166  18:39  Probe  
  170  18:41  Dark Templar x2  
  168  18:49  Zealot x2  
  161  19:01  High Templar x2  
  161  19:02  Zealot x2  
  167  19:05  Archon  
  167  19:07  Archon, Probe  
  167  19:08  Probe x2  
  165  19:14  High Templar x2  
  169  19:19  Archon  
  169  19:20  Zealot x2  
  169  19:22  Phoenix  
  175  19:30  Zealot x2  
  173  19:46  Zealot x3  
  173  19:54  Phoenix x2  
  173  19:58  Zealot x2  
  155  20:15  Phoenix  
  155  20:19  Phoenix  
  155  20:20  Probe x4  
  163  20:24  Phoenix  
  165  20:34  Probe x4  
  169  20:38  Zealot x2  
  169  20:40  Phoenix  
  175  20:46  Pylon  
Show
View Real Time Build Order
Export as new Build Order

DPGRogue Zerg 

Build Orders: Pool First 

Get SALT Encoding   

  12  0:18  Spawning Pool  
  11  0:22  Drone  
  11  0:26  Drone  
  13  0:30  Drone  
  14  0:39  Overlord  
  14  1:04  Zergling x4  
  14  1:05  Zergling x2  
  17  1:19  Hatchery  
  17  1:21  Zergling x2  
  17  1:28  Zergling x2  
  18  1:38  Zergling x2  
  19  1:48  Zergling x2  
  20  1:55  Hatchery  
  20  2:00  Drone  
  20  2:11  Drone  
  21  2:21  Drone  
  22  2:31  Extractor  
  22  2:35  Overlord  
  21  2:44  Queen, Hatchery  
  22  2:57  Drone x2  
  24  3:05  Drone  
  25  3:08  Queen, Drone  
  28  3:15  Drone  
  28  3:18  Drone  
  30  3:22  Queen  
  32  3:29  Drone x2  
  34  3:36  Overlord  
  34  3:40  Drone  
  35  3:47  Drone  
  35  3:48  Metabolic Boost  
  35  3:54  Drone  
  36  3:57  Drone x2  
  36  4:01  Drone x2  
  40  4:04  Drone  
  40  4:09  Queen  
  41  4:14  Drone x2  
  45  4:18  Drone  
  45  4:20  Drone x2  
  48  4:25  Overlord  
  48  4:27  Drone  
  48  4:28  Drone  
  48  4:31  Overlord  
  50  4:43  Overlord  
  50  4:44  Spore Crawler  
  49  4:46  Queen  
  49  4:48  Drone x4  
  49  4:51  Drone  
  56  4:53  Drone  
  56  4:57  Roach Warren  
  55  5:00  Spore Crawler, Drone  
  55  5:04  Drone x2  
  57  5:08  Extractor  
  56  5:18  Zergling x4  
  56  5:19  Zergling x14  
  65  5:21  Overlord  
  65  5:28  Lair  
  65  5:31  Drone x3  
  65  5:32  Overlord  
  68  5:39  Spore Crawler, Drone  
  68  5:45  Roach x3  
  68  5:47  Overlord  
  74  5:53  Drone x4  
  74  5:55  Extractor  
  74  5:56  Extractor  
  76  5:57  Roach x2  
  76  6:00  Roach  
  76  6:02  Roach  
  84  6:04  Roach  
  84  6:09  Roach x2  
  87  6:11  Roach  
  87  6:15  Roach  
  87  6:16  Zergling x4  
  87  6:18  Zergling x2  
  87  6:23  Roach  
  87  6:24  Roach  
  92  6:25  Zergling x2  
  92  6:31  Drone x3  
  92  6:32  Drone  
  93  6:34  Drone  
  91  6:42  Drone  
  91  6:43  Drone x3  
  91  6:44  Drone  
  91  6:46  Overseer  
  92  6:49  Drone x2  
  92  6:51  Drone  
  92  6:53  Drone  
  96  6:54  Drone  
  97  7:03  Overlord  
  97  7:05  Spire  
  96  7:10  Glial Reconstitution  
  96  7:17  Hatchery  
  96  7:21  Overlord  
  95  7:24  Extractor, Drone  
  95  7:26  Extractor  
  95  7:27  Drone  
  95  7:28  Drone x2  
  97  7:35  Overseer, Drone x3  
  100  7:42  Drone x5  
  105  7:56  Overlord  
  105  8:00  Drone x2  
  105  8:19  Mutalisk x5  
  105  8:21  Overlord  
  105  8:24  Zerg Flyer Weapons Level 1  
  115  8:27  Evolution Chamber  
  115  8:31  Mutalisk x3  
  120  8:37  Mutalisk, Overlord  
  120  8:40  Drone  
  120  8:41  Drone x4  
  127  8:50  Mutalisk  
  127  8:52  Overlord x2  
  129  8:56  Overlord  
  129  8:58  Hatchery  
  128  9:08  Mutalisk x3  
  133  9:10  Mutalisk  
  135  9:18  Drone x5  
  135  9:19  Hatchery  
  135  9:23  Mutalisk x2  
  143  9:25  Drone x4  
  143  9:28  Zerg Melee Weapons Level 1  
  145  9:38  Mutalisk x2  
  145  9:44  Mutalisk  
  145  9:45  Extractor, Zergling x10  
  155  9:47  Overlord  
  155  9:55  Mutalisk x2  
  155  9:57  Zergling x6, Overlord  
  155  9:58  Overlord  
  155  9:59  Overlord  
  162  10:04  Overlord  
  162  10:06  Extractor  
  161  10:09  Extractor  
  156  10:15  Mutalisk x3  
  160  10:22  Mutalisk  
  160  10:25  Zergling x20  
  166  10:31  Mutalisk  
  168  10:37  Drone x5  
  168  10:40  Extractor  
  168  10:41  Mutalisk x2  
  176  10:43  Zergling x2  
  176  10:44  Zergling x4  
  177  10:50  Mutalisk  
  177  10:51  Mutalisk  
  177  10:53  Extractor, Zergling x12  
  177  10:56  Mutalisk  
  185  10:57  Overseer  
  185  11:02  Drone x2  
  185  11:03  Spore Crawler  
  182  11:04  Drone  
  182  11:05  Drone, Spine Crawler  
  182  11:08  Drone x2  
  182  11:10  Drone x2  
  187  11:13  Drone  
  188  11:18  Mutalisk x3  
  188  11:25  Spine Crawler  
  193  11:30  Mutalisk x3  
  193  11:32  Zergling x2  
  194  11:36  Pneumatized Carapace  
  194  11:37  Zerg Melee Weapons Level 2  
  192  11:48  Mutalisk  
  192  11:49  Mutalisk x2  
  190  11:54  Mutalisk x2  
  190  11:56  Overlord  
  190  12:00  Mutalisk  
  185  12:04  Mutalisk  
  185  12:06  Zergling x2  
  185  12:07  Zergling x4  
  178  12:09  Mutalisk  
  178  12:14  Mutalisk x2  
  172  12:17  Mutalisk  
  172  12:19  Drone x8  
  172  12:22  Mutalisk  
  177  12:26  Mutalisk  
  177  12:29  Mutalisk  
  175  12:35  Corruptor x2  
  170  12:39  Corruptor  
  148  12:45  Corruptor  
  148  12:46  Zergling x10  
  142  12:53  Corruptor x2  
  142  12:57  Mutalisk x2  
  146  13:02  Mutalisk  
  146  13:03  Zergling x4  
  146  13:04  Zergling x4  
  152  13:08  Mutalisk  
  152  13:09  Mutalisk  
  152  13:10  Zergling x2  
  157  13:15  Mutalisk  
  157  13:16  Mutalisk  
  157  13:17  Zergling x10  
  157  13:18  Zergling x2  
  166  13:23  Drone x4  
  166  13:24  Mutalisk  
  172  13:28  Mutalisk x2  
  172  13:30  Mutalisk  
  178  13:35  Mutalisk  
  178  13:36  Zergling x2  
  178  13:37  Zergling x6  
  178  13:39  Mutalisk  
  186  13:44  Mutalisk  
  171  13:51  Mutalisk x2  
  171  13:52  Zergling x8  
  159  13:58  Mutalisk x2  
  159  14:00  Mutalisk  
  159  14:01  Zergling x10  
  152  14:11  Corruptor x3  
  152  14:15  Drone  
  152  14:16  Drone x4  
  160  14:21  Baneling Nest  
  159  14:24  Corruptor  
  159  14:25  Corruptor  
  159  14:29  Hatchery  
  162  14:31  Corruptor x2  
  162  14:35  Corruptor  
  168  14:40  Corruptor x2  
  168  14:43  Corruptor  
  172  14:49  Corruptor  
  174  14:53  Corruptor x2  
  176  15:01  Drone x3  
  176  15:02  Drone x2  
  177  15:08  Spine Crawler  
  176  15:16  Corruptor x4  
  184  15:22  Mutalisk  
  184  15:23  Mutalisk x2  
  184  15:26  Overlord  
  190  15:32  Overseer  
  190  15:33  Overlord  
  190  15:38  Zerg Flyer Weapons Level 2, Centrifical Hooks  
  190  15:40  Zergling x2  
  190  15:41  Zergling x10  
  196  15:43  Zergling x2  
  196  15:50  Zergling x6  
  196  15:51  Zergling x2  
  195  15:57  Mutalisk x2  
  199  16:06  Zerg Ground Armor Level 1  
  199  16:08  Overseer  
  199  16:12  Baneling x17  
  199  16:24  Baneling  
  199  16:25  Baneling x9  
  199  16:32  Infestation Pit  
  196  16:34  Mutalisk x2  
  196  16:37  Zergling x2  
  196  16:39  Zergling x2  
  196  16:46  Zergling x14  
  194  16:55  Zergling x16  
  197  17:08  Zergling x2  
  198  17:11  Mutalisk x2  
  198  17:20  Corruptor x2  
  196  17:23  Hive  
  196  17:31  Corruptor x2  
  197  17:44  Zergling x4  
  197  17:50  Zergling x2  
  194  17:57  Zergling x26  
  194  17:58  Zergling x12  
  192  18:01  Zergling x2  
  192  18:05  Corruptor x7  
  187  18:07  Zerg Ground Armor Level 2  
  187  18:10  Evolution Chamber  
  190  18:16  Corruptor  
  190  18:17  Corruptor x3  
  194  18:24  Corruptor  
  194  18:25  Corruptor x4  
  194  18:27  Spore Crawler, Spine Crawler  
  194  18:28  Spine Crawler  
  194  18:29  Drone  
  194  18:30  Drone x4  
  194  18:32  Drone  
  196  18:44  Greater Spire  
  196  18:45  Viper x2  
  196  18:54  Zergling x12  
  197  18:56  Zergling x6  
  197  19:00  Zergling x2  
  197  19:04  Zergling x8  
  197  19:08  Zergling x2  
  197  19:09  Zergling x2  
  199  19:16  Zergling x2, Hatchery  
  197  19:30  Zergling x6  
  199  19:34  Baneling x2  
  199  19:35  Baneling x26  
  199  19:37  Overlord  
  198  19:42  Overlord  
  198  19:49  Overlord x2  
  167  20:06  Zergling x2  
  150  20:07  Mutalisk  
  150  20:08  Mutalisk x14  
  175  20:14  Mutalisk  
  174  20:24  Mutalisk x2  
  178  20:33  Mutalisk  
  173  20:44  Mutalisk  
  173  20:46  Zergling x6  

Tags
 
Add a new tag
Caveats
  • Supply blocks, unpowered buildings, or Contaminate may cause inaccurate times.
  • Supply counts are checked every 10 seconds.